 Dungeon Crawl Stone Soup version 0.31.0-1-g2c135a008e (webtiles) character file.

Game seed: 18109447619714021321

221 qw the Shooter (level 6, -2/46 HPs)
             Began as a Djinni Hunter on Jan 24, 2024.
             Slain by a crocodile (14 damage)
             ... in a sewer.
             The game lasted 00:00:10 (2277 turns).

qw the Shooter (Djinni Hunter)                      Turns: 2277, Time: 00:00:10

Health: -2/46      AC:  6    Str: 10    XL:     6   Next: 18%
Gold:   188        EV: 12    Int: 14    God:
                   SH:  0    Dex: 18

rFire   + + .        a - +1 shortbow
rCold   . . .        (shield currently unavailable)
rNeg    . . .        e - +3 leather armour "Ycezeawo" {+Inv rC+ Int+3}
rPois   inf          (no helmet)
rElec   .            (no cloak)
rCorr   .            (no gloves)
SInv    .            (boots unavailable)
Will    .....        (no amulet)
Stlth   ++           (no ring)
HPRegen 0.27/turn    (no ring)
MPRegen 0.00/turn

%: infuse magic (-3 HP)
@: flying
A: sickness immunity, fire resistance 2, cold vulnerability 1, float, innate
caster, HP casting, extra vitality 1
a: Evoke Invisibility


You were in a sewer.
You visited 1 branch of the dungeon, and saw 3 of its levels.
You also visited: Sewer.

You collected 188 gold pieces.


Innate Abilities, Weirdness & Mutations

You are immune to sickness and miasma.
You are immune to poison.
Your flesh is very heat resistant. (rF++)
You are vulnerable to cold. (rC-)
You float through the air rather than walking.
You learn spells naturally, not from books.
Your magical power is your life essence.
You have superior vitality. (+4 MHP)


   Skills:
 + Level 3.2 Fighting
 - Level 5.1 Ranged Weapons
 - Level 3.0 Dodging
 - Level 0.7 Stealth


You knew the following spells:

 Your Spells              Type           Power      Damage    Failure   Level
a - Kiss of Death         Conj/Necr      0%         2d5       36%         1
b - Lesser Beckoning      Tloc           0%         N/A       52%         2
Your spell library was empty.

Inventory:

Hand Weapons
 a - a +1 shortbow (weapon)
Armour
 e - the +3 leather armour "Ycezeawo" (worn) {+Inv rC+ Int+3}
   (You found it on level 2 of the Dungeon)

   Int+3:     It affects your intelligence (+3).
   rC+:       It protects you from cold.
   +Inv:      It lets you turn invisible.
Jewellery
 b - a ring of fire
Scrolls
 c - a scroll of teleportation {unknown}
 g - 3 scrolls of identify
 i - a scroll of acquirement {unknown}
Potions
 d - 4 potions of curing
 f - a potion of haste {unknown}
 h - 6 potions of heal wounds
 j - a potion of degeneration {unknown}

Dungeon Overview and Level Annotations

Branches:
Dungeon (3/15)              Sewer (1/1)

Altars:
Hepliaklqana
Makhleb
Qazlal
Trog

Shops:
D:1 (

Annotations:
D:2 1 runed translucent door, Crazy Yiuf


Message History

You start resting.
HP restored.
Items here: (( )).
i - a scroll labelled PEV BIOVOX
j - a green potion
Things that are here:
a +0 short sword; a kobold corpse You see here a rat corpse.
A crocodile and a kobold come into view.
Found a scroll labelled FALIH IKOTOLI, a scroll of fog and a black potion.
Found a gate leading back out of this place.
You shoot an arrow.
The arrow hits the kobold but does no damage.
The kobold shouts!
You shoot an arrow. The arrow closely misses the kobold.
You shoot an arrow. The arrow hits the kobold!
You kill the kobold!
You hear a splash. x2
You shoot an arrow. The arrow misses the crocodile.
The crocodile closely misses you.
You shoot an arrow. The arrow closely misses the crocodile.
The crocodile misses you.
You shoot an arrow. The arrow misses the crocodile.
The crocodile bites you!
You shoot an arrow. The arrow closely misses the crocodile.
The crocodile bites you but does no damage.
The crocodile misses you.
You shoot an arrow. The arrow barely misses the crocodile.
The crocodile bites you!
You shoot an arrow. The arrow closely misses the crocodile.
The crocodile misses you.
You shoot an arrow. The arrow hits the crocodile.
The crocodile is lightly wounded.
The crocodile bites you!
You shoot an arrow. The arrow closely misses the crocodile.
The crocodile misses you.
You shoot an arrow. The arrow barely misses the crocodile.
The crocodile bites you but does no damage.
The crocodile bites you!
You die...

##~~.## ##.~~## ##~..##
##~####. ##~## ##~## #~# #.!
#~# #~# #~# ?\ #~# #~# #~# .?
#~# #~# ##~## #) ##~## ##~##
##.~.###~###.~.## ##.~~##
.####.....##l##....~####.....#
..~~~~~...~~~~@~~~\..~~~%)~..~#
..####.....#####~~~\~####.....#
##.~~## ##.~.## ##...## ##~##
##%## ##### #~# #)# #~# #~#
##~## ##~## ##~..## ##...##
#.....#####.%~..#


You could see a crocodile.

Vanquished Creatures
  A kobold brigand (Sewer)
  6 adders
  2 river rats (D:3)
  2 dart slugs (D:1)
  5 endoplasms
  5 giant cockroaches
  5 hobgoblins
  6 jackals
  6 quokkas
  7 ball pythons
  7 bats
  2 frilled lizards
  5 goblins
  9 kobolds
  7 rats
75 creatures vanquished.

Notes
Turn   | Place    | Note
-------+----------+-------------------------------------------
     0 | D:1      | qw the Djinni Hunter began the quest for the Orb.
     0 | D:1      | Reached XP level 1. HP: 18/18 MP: 0/0
     0 | D:1      | 0 ||| qw: Version: 0.3-a-136-gdd3b4e8
     0 | D:1      | 0 ||| qw: Game counter: 1311
     0 | D:1      | 0 ||| qw: Melee chars always use a shield: true
     0 | D:1      | 0 ||| qw: God list: Okawaru
     0 | D:1      | 0 ||| qw: Allow faded altars: false
     0 | D:1      | 0 ||| qw: Do Orc after clearing Dungeon:15 true
     0 | D:1      | 0 ||| qw: Do second Lair branch before Depths: true
     0 | D:1      | 0 ||| qw: Lair rune preference: random
     0 | D:1      | 0 ||| qw: Goals: Normal
     0 | D:1      | 0 ||| PLANNING D:1-11
    69 | D:1      | Found Woolutet's Weapon Boutique.
   113 | D:1      | Reached XP level 2. HP: 21/23 MP: 0/0
   587 | D:1      | Reached XP level 3. HP: 28/28 MP: 0/0
   587 | D:1      | Learned a level 1 spell: Kiss of Death
   589 | D:1      | Reached skill level 4 in Ranged Weapons
   762 | D:1      | 762 ||| READING scroll labelled NAINLE LAUFIEN.
   762 | D:1      | 762 ||| ENCHANTING +0 shortbow.
   763 | D:1      | 763 ||| READING 2 scrolls labelled ZALOGI CADU.
   763 | D:1      | 763 ||| IDENTIFYING murky black potion
   764 | D:1      | 764 ||| READING scroll of identify.
   764 | D:1      | 764 ||| IDENTIFYING 2 sedimented ruby potions
   765 | D:1      | 765 ||| READING scroll labelled EKYXASE OGUE.
   766 | D:1      | 766 ||| DROPPING scroll of butterflies.
   933 | D:2      | Identified the +3 leather armour "Ycezeawo" {+Inv rC+
                  | Int+3}
   980 | D:2      | Reached skill level 3 in Fighting
   980 | D:2      | Reached XP level 4. HP: 34/35 MP: 0/0
  1214 | D:2      | Reached skill level 3 in Dodging
  1371 | D:2      | Reached XP level 5. HP: 40/40 MP: 0/0
  1371 | D:2      | Learned a level 2 spell: Lesser Beckoning
  1414 | D:2      | Found a runed translucent door.
  1415 | D:2      | Noticed Crazy Yiuf
  1607 | D:2      | 1607 ||| UPGRADING to +3 leather armour "Ycezeawo" {+Inv
                  | rC+ Int+3}.
  1617 | D:2      | 1617 ||| DROPPING +0 leather armour.
  1618 | D:2      | 1618 ||| READING 2 scrolls of identify.
  1618 | D:2      | 1618 ||| IDENTIFYING scroll labelled TUOTANK UCHOHI
  1619 | D:2      | 1619 ||| READING scroll of identify.
  1619 | D:2      | 1619 ||| IDENTIFYING scroll labelled LALAMOIGORO
  1620 | D:2      | 1620 ||| READING scroll labelled LENUOSSI NUES.
  1621 | D:2      | 1621 ||| DROPPING scroll of silence.
  1622 | D:2      | 1622 ||| DROPPING scroll of amnesia.
  1637 | D:3      | 1637 ||| PLANNING SEWER
  1688 | D:3      | Found a burning altar of Makhleb.
  1699 | D:3      | 1699 ||| DROPPING +1 sling of freezing.
  1722 | D:3      | Found a faded altar of an unknown god.
  1722 | D:3      | Found a bloodstained altar of Trog.
  1730 | D:3      | Found a hazy altar of Hepliaklqana.
  1734 | D:3      | Found a stormy altar of Qazlal.
  1883 | D:3      | Found a glowing drain.
  1945 | D:3      | 1945 ||| DROPPING +1 leather armour of positive energy.
  1946 | D:3      | 1946 ||| READING 3 scrolls of identify.
  1946 | D:3      | 1946 ||| IDENTIFYING pink potion
  1947 | D:3      | 1947 ||| DROPPING potion of lignification.
  1993 | D:3      | HP: 9/40 [river rat (5)]
  1994 | D:3      | 1994 ||| DRINKING 5 potions of heal wounds.
  2085 | Sewer    | Entered a sewer
  2163 | Sewer    | Noticed a kobold brigand
  2176 | Sewer    | Killed a kobold brigand
  2177 | Sewer    | Reached skill level 5 in Ranged Weapons
  2177 | Sewer    | Reached XP level 6. HP: 40/46 MP: 0/0
  2265 | Sewer    | Noticed a crocodile
  2277 | Sewer    | Slain by a crocodile

Levels and vault maps discovered:
D:1:      dpeg_arrival_circle_labyrinth_a, layout_loops_ring, serial_shops,
          shop, grunt_decor_fettered, minmay_pentomino_w2
D:2:      layout_rooms, hex_medium, minmay_joined_circles,
          uniq_crazy_yiuf_cottage
D:3:      layout_rooms, chequers_temple_overflow_minitemple,
          overflow_temple_1_default, portal_sewer_entry_c
Sewer:    sewer_co_15_rooms

Skill      XL: |  1  2  3  4  5 |
---------------+----------------+-----
Ranged Weapons | 4 5 |  5.1
Fighting       | 3 |  3.2
Dodging        | 3 |  3.0
Stealth        | |  0.7

Action                     |  1- 3 |  4- 6 || total
---------------------------+-------+-------++-------
   Fire: Shortbow          |    91 |   145 ||   236
    Use: Scroll            |     4 |     4 ||     8
         Potion            |       |     1 ||     1
 Armour: Leather armour    |    29 |    75 ||   104
  Dodge: Dodged            |    34 |    66 ||   100

Table legend:
 A = Non-vault XP
 B = Vault XP
 C = Vault XP percentage of total XP
 D = Non-vault monster count
 E = Vault monster count
 F = Vault count percentage of total count
                 A         B        C        D         E       F
            +---------+---------+-------+---------+---------+-------
      Total |     110 |     206 |  65.2 |      43 |      32 |  42.7
            +---------+---------+-------+---------+---------+-------
        D:1 |      33 |       4 |  10.8 |      18 |       2 |  10.0
        D:2 |      70 |      35 |  33.3 |      20 |      13 |  39.4
        D:3 |       7 |      29 |  80.6 |       5 |       5 |  50.0
      Sewer |       0 |     138 | 100.0 |       0 |      12 | 100.0
            +---------+---------+-------+---------+---------+-------
